 Dungeon Crawl Stone Soup version 0.30-a0-137-gd8773701ce (webtiles) character file.

Game seed: 16290803949842578326

7 blackman the Changer (level 2, -2/22 HPs)
             Began as a Human Wanderer on Sept 21, 2022.
             Slain by a hobgoblin (3 damage)
             ... on level 1 of the Dungeon.
             The game lasted 00:01:23 (650 turns).

blackman the Changer (Human Wanderer)                Turns: 650, Time: 00:01:24

Health: -2/22      AC:  3    Str:  9    XL:     2   Next: 10%
Magic:  3/3        EV:  8    Int: 11    God:
Gold:   21         SH:  0    Dex: 16    Spells: 2/3 levels left

rFire   . . .      SeeInvis .      - Unarmed
rCold   . . .      Faith    .    (no shield)
rNeg    . . .      Spirit   .    d - +0 robe
rPois   .          Reflect  .    (no helmet)
rElec   .          Harm     .    g - +0 cloak
rCorr   .          Rampage  .    (no gloves)
Will    .....                    (no boots)
Stlth   +.........               (no amulet)
HPRegen 0.07/turn                (no ring)
MPRegen 0.08/turn                (no ring)

@: constricted
A: no striking features
a: no special abilities


You were on level 1 of the Dungeon.
You visited 1 branch of the dungeon, and saw 1 of its levels.

You collected 21 gold pieces.

Inventory:

Hand Weapons
 a - a +0 dagger
Armour
 d - a +0 robe (worn)
 g - a +0 cloak (worn)
Scrolls
 c - a scroll of vulnerability
 e - a scroll of teleportation
Potions
 b - a potion of attraction
 f - a potion of curing {unknown}
 h - a potion of heal wounds {unknown}


   Skills:
 - Level 2.0 Fighting
 - Level 1.0 Throwing
 - Level 1.0 Armour
 + Level 2.0 Unarmed Combat
 - Level 1.0 Spellcasting
 - Level 4.0 Transmutations


You had 2 spell levels left.
You knew the following spells:

 Your Spells              Type           Power      Damage    Failure   Level
a - Sting                 Tmut/Pois      16%        1d3       14%         1

Your spell library contained the following spells:

 Spells                   Type           Power      Damage    Failure   Level
 Passwall                 Tmut/Erth      3%         N/A       22%         2
 Petrify                  Tmut/Erth      4%         N/A       80%         4


Dungeon Overview and Level Annotations

Branches:
Dungeon (1/15)

Altars:


Message History

You are too injured to fight recklessly!
You are too injured to fight recklessly!
You are too injured to fight recklessly!
You are too injured to fight recklessly!
You are too injured to fight recklessly!
You are too injured to fight recklessly!
You are too injured to fight recklessly!
You are too injured to fight recklessly!
You are too injured to fight recklessly!
You are too injured to fight recklessly!
You escape the ball python's grasp.
The ball python attacks as you move away!
The ball python bites you but does no damage.
You hit the hobgoblin.
The hobgoblin is heavily wounded.
The ball python bites you but does no damage.
The ball python barely misses you.
You barely miss the goblin. The ball python misses you.
The ball python grabs you. The ball python constricts you.
The goblin hits you with a +0 club. The hobgoblin closely misses you.
You closely miss the goblin.
The ball python bites you but does no damage.
The ball python constricts you.
The hobgoblin hits you but does no damage.
The goblin barely misses you.
You closely miss the goblin. The ball python bites you.
* * * LOW HITPOINT WARNING * * *
The ball python constricts you. The hobgoblin barely misses you.
The goblin completely misses you.
You hit the goblin.
You kill the goblin!
The ball python barely misses you. The ball python constricts you.
* * * LOW HITPOINT WARNING * * *
The hobgoblin hits you.
* * * LOW HITPOINT WARNING * * *
Your Unarmed Combat skill increases to level 2!
The ball python's grasp on you weakens, but your attempt to escape fails.
The ball python barely misses you. The ball python constricts you.
The hobgoblin hits you.
You die...

....... ....... .......
.....[. ....... .......
......>#####+##
.......)@.....###########
.......Sg.....+..........
.##.###.......########.#.
# #.......#........#.
#.......#.###..#.#.
#.......# #....#.#.
#.......#+####.#.#.
#..........# #.#.#.
#..........# #.#.#.


You could see a hobgoblin and a ball python.

Vanquished Creatures
  An endoplasm (D:1)
  A giant cockroach (D:1)
  A goblin (D:1)
  A quokka (D:1)
  2 bats (D:1)
6 creatures vanquished.

Notes
Turn   | Place    | Note
-------+----------+-------------------------------------------
     0 | D:1      | blackman the Human Wanderer began the quest for the Orb.
     0 | D:1      | blackman set off with the following items: a +0 dagger, a
                  | potion of attraction, a scroll of vulnerability, a +0 robe,
                  | a scroll of teleportation; and the following spell
                  | memorised: Sting; and the following spells available to
                  | memorise: Passwall, Petrify.
     0 | D:1      | Reached XP level 1. HP: 16/16 MP: 2/2
   535 | D:1      | Reached XP level 2. HP: 18/22 MP: 3/3
   649 | D:1      | HP: 1/22 [hobgoblin (3)]
   650 | D:1      | Slain by a hobgoblin

Illustrated notes

Levels and vault maps discovered:
D:1:      onia_arrival_pyramid, layout_basic, ebering_ecumenical_altar_ruins,
          minmay_misc_feat_enclosed, minivault_26

Skill      XL: |  1  2 |
---------------+-------+-----
Unarmed Combat | 2 |  2.0
Fighting       | |  2.0
Throwing       | |  1.0
Armour         | |  1.0
Spellcasting   | |  1.0
Transmutations | |  4.0

Action                   || total
-------------------------++-------
Melee: Unarmed           ||    80
Armor: Robe              ||    39
Dodge: Dodged            ||    84

Table legend: (Time is in decaauts)
 A = Elapsed time spent in this place.
 B = Non-inter-level travel time spent in this place.
 C = Inter-level travel time spent in this place.
 D = Time resting spent in this place.
 E = Time spent auto-exploring this place.
 F = Levels seen in this place.
 G = Mean time per level.
                   A        B        C        D        E       F      G
               +--------+--------+--------+--------+--------+-----+--------+
         Total |    647 |    636 |     11 |      0 |    492 |   1 |  647.0 |
       Dungeon |    647 |    636 |     11 |      0 |    492 |   1 |  647.0 |
               +--------+--------+--------+--------+--------+-----+--------+

Top non-repeatable levels by time:
     D:1: 647 daAuts
